Map: 死亡光环-天梯版

Players

iGMacSed (MacSed) - Winner!

  • Race: Protoss Protoss

Cyan

  • Race: Protoss Protoss

Event: DreamHack SC2 Masters 2020 Summer China

VOD

Have the link to the VOD?

Description

Time

  • Played on: July 3, 2020, 9:12 a.m.
  • Length: 9:57

All games in this series

Show
View Real Time Build Order
Export as new Build Order

iGMacSed Protoss - Winner!

Build Orders: Oracle Opening 

Get SALT Encoding   

  12  0:00  Probe  
  13  0:12  Probe  
  14  0:17  Pylon  
  14  0:23  Probe  
  15  0:31  Probe  
  15  0:36  Gateway  
  15  0:39  Probe  
  16  0:45  Assimilator  
  17  0:51  Probe  
  17  0:54  Assimilator  
  18  0:59  Probe  
  19  1:07  Gateway, Probe  
  19  1:17  Probe  
  20  1:23  Cybernetics Core  
  21  1:30  Probe  
  22  1:33  Pylon  
  22  1:42  Probe  
  23  1:54  Probe  
  24  2:00  Stalker x2  
  28  2:02  Warp Gate  
  28  2:10  Pylon  
  28  2:31  Stalker x2  
  31  2:46  Stargate  
  31  3:02  Nexus  
  31  3:06  Probe  
  31  3:11  Shield Battery  
  32  3:20  Oracle  
  32  3:30  Pylon  
  35  3:38  Probe  
  36  3:50  Probe  
  36  3:51  Stalker x2  
  36  3:53  Shield Battery  
  41  4:00  Twilight Council  
  41  4:02  Probe  
  42  4:14  Probe  
  42  4:16  Adept x2  
  47  4:19  Probe  
  48  4:26  Probe  
  49  4:31  Probe  
  50  4:40  Stalker x2  
  51  4:47  Blink  
  51  4:49  Pylon  
  47  4:58  Probe  
  45  5:00  Probe  
  42  5:15  Stalker x2  
  42  5:17  Probe  
  42  5:19  Probe  
  48  5:29  Probe  
  48  5:31  Pylon  
  49  5:40  Stalker x2  
  49  5:41  Probe x2  
  55  5:48  Forge  
  55  5:53  Probe x2  
  57  5:59  Robotics Facility  
  57  6:05  Probe x2  
  57  6:08  Gateway  
  57  6:10  Sentry  
  61  6:15  Assimilator  
  61  6:17  Probe  
  62  6:19  Protoss Ground Weapons Level 1  
  62  6:23  Photon Cannon  
  62  6:27  Pylon  
  62  6:34  Pylon  
  62  6:45  Probe x2  
  65  6:47  Observer  
  65  6:55  Stalker  
  65  6:56  Stalker  
  65  6:57  Probe  
  71  7:01  Probe  
  71  7:02  Nexus  
  71  7:04  Pylon  
  71  7:08  Stalker  
  73  7:14  Gateway  
  73  7:21  Stalker x2  
  77  7:27  Gateway  
  77  7:36  Stalker  
  79  7:42  Charge  
  79  7:43  Gateway  
  79  7:44  Probe x2  
  79  7:50  Gateway  
  81  8:00  Gateway  
  81  8:02  Gateway  
  81  8:06  Templar Archives  
  81  8:09  Pylon  
  81  8:11  Immortal  
  81  8:22  Zealot x2  
  89  8:33  Gateway  
  89  8:42  Zealot x4  
  97  8:48  High Templar x2  
  97  8:49  Zealot  
  97  8:55  Archon  
  103  9:02  Pylon  
  103  9:03  Pylon  
  103  9:04  Pylon  
  103  9:07  Stalker x2  
  105  9:12  Stalker  
  105  9:17  Zealot  
  109  9:19  Pylon  
  109  9:22  Zealot  
  109  9:33  Zealot x3  
Show
View Real Time Build Order
Export as new Build Order

Cyan Protoss 

Build Orders:  

Get SALT Encoding   

  12  0:00  Probe  
  13  0:12  Probe  
  14  0:16  Pylon  
  14  0:24  Probe  
  15  0:32  Probe  
  15  0:37  Gateway  
  15  0:40  Probe  
  16  0:46  Assimilator  
  17  0:51  Probe  
  17  0:53  Assimilator  
  18  0:59  Probe  
  19  1:06  Gateway  
  19  1:07  Probe  
  19  1:17  Probe  
  20  1:24  Cybernetics Core  
  21  1:29  Probe  
  22  1:34  Pylon  
  22  1:41  Probe  
  23  1:51  Warp Gate  
  23  1:53  Probe  
  18  2:01  Adept x2  
  24  2:06  Probe  
  24  2:07  Pylon  
  29  2:13  Pylon  
  29  2:20  Probe  
  30  2:31  Stalker x2  
  34  2:43  Gateway  
  34  2:45  Shield Battery  
  34  3:01  Stalker  
  34  3:02  Stalker  
  38  3:14  Pylon  
  36  3:33  Nexus  
  36  3:40  Stalker  
  38  3:41  Stalker  
  38  3:48  Adept  
  42  3:55  Pylon  
  42  4:04  Sentry  
  42  4:07  Sentry  
  47  4:14  Stalker  
  49  4:21  Robotics Facility, Probe  
  49  4:28  Stalker  
  48  4:45  Stalker x2  
  40  4:50  Probe  
  36  4:54  Probe  
  33  5:03  Probe  
  29  5:19  Probe x2  
  30  5:21  Sentry x2  
  32  5:30  Stalker  
  34  5:38  Shield Battery  
  34  5:45  Stalker  
  34  5:46  Zealot  
  34  5:49  Probe  
  38  5:51  Probe  
  40  5:57  Probe  
  40  5:59  Probe  
  42  6:06  Probe  
  42  6:07  Probe  
  43  6:12  Observer  
  43  6:15  Probe x2  
  46  6:24  Probe x2  
  47  6:30  Immortal  
  47  6:32  Probe  
  49  6:38  Probe  
  55  6:44  Probe  
  56  6:50  Probe  
  56  6:52  Pylon  
  57  6:57  Probe  
  58  7:05  Immortal  
  58  7:09  Shield Battery  
  58  7:13  Sentry, Stalker  
  58  7:14  Zealot  
  68  7:18  Probe  
  68  7:20  Shield Battery  
  68  7:31  Gateway  
  68  7:32  Gateway  
  68  7:34  Warp Prism  
  68  7:49  Pylon  
  70  7:51  Pylon  
  70  7:53  Pylon  
  70  8:10  Stalker x3, Observer  
  73  8:30  Gateway  
  73  8:31  Gateway  
  73  8:32  Pylon  
  73  8:34  Pylon  
  73  8:35  Pylon  
  73  8:43  Stalker x3  
  73  8:44  Zealot x2  
  77  9:10  Stalker x4, Zealot  
  87  9:31  Stalker x3  
  81  9:32  Zealot x2  
  81  9:34  Zealot  
Tags
 
Add a new tag
Caveats
  • Supply blocks, unpowered buildings, or Contaminate may cause inaccurate times.
  • Supply counts are checked every 10 seconds.